 Dungeon Crawl Stone Soup version 0.26-a0-662-g8b9c6dab81 (webtiles) character file.

Game seed: 3128955062131954946

1439 looop the Transmogrifier (level 8, 0/51 HPs)
             Began as an Octopode Transmuter on Oct 9, 2020.
             Was an Initiate of Gozag.
             Slain by an orc
             ... wielding a +1 hand axe of flaming
              (6 damage)
             ... on level 6 of the Dungeon.
             The game lasted 00:10:27 (7938 turns).

looop the Transmogrifier (Octopode Transmuter)      Turns: 7938, Time: 00:10:28

Health: 0/51       AC:  1    Str:  9    XL:     8   Next: 74%
Magic:  11/11      EV: 13    Int: 18    God:    Gozag
Gold:   214        SH:  5    Dex: 12    Spells: 3/11 levels left

rFire    . . .     SeeInvis +     - Unarmed
rCold    . . .     Faith    .   (no shield)
rNeg     . . .     Spirit   .   (helmet restricted)
rPois    .         Reflect  +   h - amulet of reflection
rElec    .         Harm     .   i - ring of see invisible
rCorr    .         Rampage  .   (no ring)
MR       .....                  (no ring)
Stlth    ++........             (no ring)
HPRegen  0.17/turn              (no ring)
MPRegen  0.12/turn              (no ring)
                                (no ring)
                                (no ring)

@: drained
A: almost no armour, stealthy swim, amphibious, 8 rings, constrict 8, camouflage
1, gelatinous body 1
a: Potion Petition, Call Merchant, Bribe Branch, Renounce Religion


You were on level 6 of the Dungeon.
You worshipped Gozag.
Gozag was aware of your devotion.
You visited 2 branches of the dungeon, and saw 7 of its levels.
You also visited: Ossuary.

You collected 354 gold pieces.
You paid 140 gold pieces to Gozag.

Inventory:

Armour
 p - a +0 kite shield
Jewellery
 e - an uncursed amulet of faith
 h - an amulet of reflection (around mantle)
 i - a ring of see invisible (left tentacle)
 w - an uncursed amulet of the acrobat {unknown}
Wands
 k - a wand of iceblast (10)
Scrolls
 a - 6 scrolls of magic mapping {unknown}
 b - a scroll of amnesia {unknown}
 c - 6 scrolls of immolation {unknown}
 l - 3 scrolls of remove curse
 m - 10 scrolls of identify {unknown}
 n - 2 scrolls of teleportation {unknown}
 t - 3 scrolls of random uselessness {unknown}
 u - a scroll of noise {unknown}
 v - a scroll of fog {unknown}
Potions
 d - 6 potions of curing {unknown}
 f - 9 potions of degeneration {unknown}
 g - 2 potions of might {unknown}
 j - a potion of stabbing {unknown}
 o - a potion of berserk rage {unknown}
 q - a potion of resistance {unknown}
 r - a potion of lignification {unknown}
 s - 2 potions of heal wounds {unknown}


   Skills:
 - Level 2.5(1.8) Fighting
 - Level 2.0(1.3) Dodging
 - Level 5.5(4.8) Unarmed Combat
 - Level 2.0(1.3) Spellcasting
 * Level 9.3(8.5) Transmutations


You had 3 spell levels left.
You knew the following spells:

 Your Spells              Type           Power        Failure   Level
a - Beastly Appendage     Tmut           ####..       1%          1
b - Spider Form           Tmut/Pois      ###.......   10%         3
c - Ice Form              Ice/Tmut       ###.....     32%         4

Your spell library contained the following spells:

 Spells                   Type           Power        Failure   Level
 Wereblood                Tmut           ####....     1%          2
 Blade Hands              Tmut           ####......   16%         5


Dungeon Overview and Level Annotations

Branches:
Dungeon (6/15)             Temple (1/1) D:5         Ossuary (visited)

Altars:
Ashenzari
Cheibriados
Dithmenos
Elyvilon
Fedhas
Gozag
Hepliaklqana
Kikubaaqudgha
Makhleb
Nemelex Xobeh
Okawaru
Qazlal
Ru
Sif Muna
Trog
Vehumet
Wu Jian
Xom
Yredelemnul
Zin
The Shining One

Annotations:
D:4 1 transporter, jasper's ghost, novice GnTm
D:5 2 transporters, Firebatgyro's ghost, weakling DsDe
D:6 Menkaure


Innate Abilities, Weirdness & Mutations

You cannot wear most types of armour.
You are very stealthy in the water. (Stealth+)
You are amphibious.
You can wear up to eight rings at the same time.
You can use your tentacles to constrict eight enemies at once.
Your skin changes colour to match your surroundings (Stealth+).
Your rubbery body absorbs attacks. (AC +1, EV +1)


Message History

Level annotation: Menkaure The orc hits you but does no damage.
The wight hits you with a cursed +0 war axe!
You feel drained. The wight hits you with a +5 mace!
You feel drained.
An orc comes into view. It is wielding a -3 whip.
The orc barely misses you. The wight barely misses you.
You block the orc's attack.
There is a stone staircase leading up, spattered with blood here.
Okay, then.
As you read the scroll labeled UCACHUTOEM, it crumbles to dust.
You feel blessed for a moment.
It was a scroll of remove curse.
The wight closely misses you. The wight hits you with a +0 battleaxe!
* * * LOW HITPOINT WARNING * * *
An orc priest comes into view.
The orc wizard gestures at you while chanting.
The magic dart hits you!
* * * LOW HITPOINT WARNING * * *
The orc hits you with a +1 hand axe of flaming.
You die...
Your body crumbles into a pile of gold.

#....# ###...#
.#.......... ......
# ...........
..#....#.#.......>..
.....# ..#..........
##.............
....#..........
......zoo....?.
#.z@oo.....
#.z#....... .....
....... #..#...
....... .....o.
...o... .#.....
......$ .......
..#.... .......
o......


You could see 3 wights, 2 orc priests, an orc wizard and 4 orcs.

Vanquished Creatures
  Pikel (D:4)
  A sky beast (D:5)
  A black bear (D:5)
  2 lemures (D:4)
  Blork the orc (D:5)
  A bullfrog (D:5)
  A centaur zombie (Ossuary)
  2 bullfrog zombies
  A bullfrog skeleton (D:5)
  6 hounds
  A jelly (D:5)
  An orc wizard (D:5)
  2 worker ants
  A hound zombie (D:6)
  6 mummies
  5 adders
  A gnoll (D:6)
  2 oozes
  An adder skeleton (D:5)
  4 worms
  2 dart slugs (D:1)
  2 leopard geckos (D:3)
  5 orcs
  7 bats
  5 giant cockroaches
  3 gnoll zombies (Ossuary)
  5 goblins
  8 hobgoblins
  2 quokkas (D:2)
  7 frilled lizards
  2 goblin zombies (Ossuary)
  A hobgoblin zombie (D:4)
  A jackal zombie (D:5)
  7 kobolds
  A kobold zombie (D:4)
  A leopard gecko zombie (D:5)
  2 orc zombies (Ossuary)
  4 rats
106 creatures vanquished.

Vanquished Creatures (others)
  An adder skeleton (D:3)
1 creature vanquished.

Grand Total: 107 creatures vanquished

Notes
Turn   | Place    | Note
-------+----------+-------------------------------------------
     0 | D:1      | looop the Octopode Transmuter began the quest for the Orb.
     0 | D:1      | Reached XP level 1. HP: 13/13 MP: 3/3
   487 | D:1      | Reached XP level 2. HP: 15/18 MP: 5/5
  1302 | D:2      | Reached XP level 3. HP: 23/23 MP: 4/6
  1682 | D:2      | Learned a level 3 spell: Spider Form
  2781 | D:3      | Reached XP level 4. HP: 19/28 MP: 4/7
  2907 | D:3      | Reached skill level 3 in Transmutations
  3000 | D:3      | Found an iron altar of Okawaru.
  3000 | D:3      | Found a bloodstained altar of Trog.
  3367 | D:3      | Reached XP level 5. HP: 30/33 MP: 6/8
  3558 | D:3      | Found a stormy altar of Qazlal.
  3827 | D:4      | Noticed Pikel
  3828 | D:4      | Noticed a lemure
  3836 | D:4      | Learned a level 4 spell: Ice Form
  3838 | D:4      | Noticed a lemure
  3865 | D:4      | Killed a lemure
  3880 | D:4      | Killed a lemure
  4012 | D:4      | You fall into a shaft and drop 1 floor!
  4012 | D:5      | Entered Level 5 of the Dungeon
  4067 | D:4      | Found a sand-covered staircase.
  4074 | Ossuary  | Entered an ossuary
  4574 | Ossuary  | Reached skill level 5 in Unarmed Combat
  4799 | Ossuary  | Reached skill level 4 in Transmutations
  4799 | Ossuary  | Reached XP level 6. HP: 24/39 MP: 9/9
  5033 | D:4      | Noticed jasper's ghost (novice GnTm)
  5034 | D:4      | Found a transporter.
  5617 | D:4      | Found a blossoming altar of Fedhas.
  5618 | D:4      | Found a glowing silver altar of Zin.
  5638 | D:4      | Killed Pikel
  5638 | D:4      | Reached skill level 7 in Transmutations
  5638 | D:4      | Reached XP level 7. HP: 37/45 MP: 7/10
  5638 | D:4      | Reached XP level 8. HP: 42/51 MP: 7/11
  5844 | D:5      | Found a staircase to the Ecumenical Temple.
  5856 | Temple   | Entered the Ecumenical Temple
  6068 | D:5      | Reached skill level 8 in Transmutations
  6552 | D:5      | Found a transporter.
  6557 | D:5      | Noticed Firebatgyro's ghost (weakling DsDe)
  6560 | D:5      | Found a transporter.
  6748 | D:6      | Noticed Menkaure
  6748 | D:6      | Noticed Blork the orc
  7091 | D:6      | Found an opulent altar of Gozag.
  7092 | D:6      | Found a sparkling altar of Nemelex Xobeh.
  7094 | D:6      | Found an ancient bone altar of Kikubaaqudgha.
  7099 | D:6      | Became a worshipper of Gozag Ym Sagoz the Greedy
  7186 | D:5      | HP: 1/51 [black bear (6)]
  7728 | D:5      | Reached skill level 9 in Transmutations
  7735 | D:5      | Killed Blork the orc
  7938 | D:6      | Slain by an orc

Illustrated notes

Levels and vault maps discovered:
D:1:      dpeg_arrival_three_smaller_balls, layout_basic
D:2:      layout_basic
D:3:      layout_rooms, chequers_temple_overflow_statue_of_worship,
          grunt_qazlal_clouds
D:4:      layout_basic, gammafunk_temple_overflow_pools, gammafunk_ghost_smash,
          nicolae_ossuary_entry_giza, uniq_pikel
D:5:      layout_rooms, minmay_temple_entry_wispy, gammafunk_ghost_arena
D:6:      layout_rooms, grunt_temple_overflow_open, uniq_menkaure,
          uniq_blork_the_orc, uniq_crazy_yiuf_cottage
Temple:   eino_temple_lava

Skill      XL: |  1  2  3  4  5  6  7  8 |
---------------+-------------------------+-----
Unarmed Combat | 4 5 |  5.5
Transmutations | 3 4 7 9 |  9.3
Fighting       | 2 |  2.5
Dodging        | |  2.0
Spellcasting   | |  2.0

Action                   |  1- 3 |  4- 6 |  7- 9 || total
-------------------------+-------+-------+-------++-------
Melee: Unarmed           |   103 |   153 |    85 ||   341
       Tentacles         |    13 |    23 |    10 ||    46
       Constrict         |    29 |    35 |     5 ||    69
       Kick              |     9 |    31 |       ||    40
       Punch             |     2 |     5 |     2 ||     9
 Cast: Beastly Appendage |     8 |    17 |       ||    25
       Spider Form       |       |     2 |     6 ||     8
  Use: Scroll            |       |       |     1 ||     1
 Stab: Sleeping          |     6 |     6 |     1 ||    13
Armor: Skin              |     7 |     8 |     8 ||    23
Dodge: Dodged            |    42 |    67 |    65 ||   174
Block: Other             |    12 |    39 |    19 ||    70

Table legend: (Time is in decaauts)
 A = Elapsed time spent in this place.
 B = Non-inter-level travel time spent in this place.
 C = Inter-level travel time spent in this place.
 D = Time resting spent in this place.
 E = Time spent auto-exploring this place.
 F = Levels seen in this place.
 G = Mean time per level.
                   A        B        C        D        E       F      G
               +--------+--------+--------+--------+--------+-----+--------+
         Total |   7914 |   7589 |    325 |   1505 |   4878 |   8 |  989.2 |
       Dungeon |   6998 |   6683 |    315 |   1283 |   4311 |   6 | 1166.3 |
        Temple |     64 |     54 |     10 |      0 |     54 |   1 |   64.0 |
       Ossuary |    851 |    851 |      0 |    222 |    513 |   1 |  851.0 |
               +--------+--------+--------+--------+--------+-----+--------+

Top non-repeatable levels by time:
     D:5: 1633 daAuts
     D:4: 1542 daAuts
     D:2: 1438 daAuts
     D:1: 1288 daAuts
     D:3: 1007 daAuts
 Ossuary: 851 daAuts
     D:6: 87 daAuts
  Temple: 64 daAuts
